Map: Para Site LE

Players

klarrkin - Winner!

  • Race: Terran Terran
  • Spawn Location: 11:00

A.I. 1 (Very Easy)

  • Race: Zerg Zerg
  • Spawn Location: 5:00

VOD

Have the link to the VOD?

Description

Time

  • Played on: Nov. 9, 2018, 4:29 p.m.
  • Length: 11:24
Show
View Real Time Build Order
Export as new Build Order

klarrkin Terran - Winner!

Build Orders: Liberator Opening 

Get SALT Encoding   

  12  0:02  SCV  
  13  0:14  SCV  
  14  0:17  Supply Depot  
  14  0:30  SCV  
  14  0:35  Refinery  
  15  0:42  SCV  
  16  0:45  Barracks  
  16  0:54  SCV  
  17  1:06  SCV  
  18  1:18  SCV  
  19  1:35  Barracks Reactor, Orbital Command  
  19  1:47  Command Center  
  19  1:56  Supply Depot  
  19  2:02  Factory  
  19  2:07  SCV  
  20  2:15  Marine x2  
  20  2:19  SCV  
  23  2:27  Refinery  
  23  2:31  SCV  
  23  2:33  Marine x2  
  26  2:43  SCV  
  27  2:48  Factory Tech Lab  
  27  2:49  Starport  
  27  2:51  Marine x2  
  27  2:55  SCV  
  30  3:06  Orbital Command  
  30  3:07  SCV  
  30  3:11  Marine x2  
  33  3:17  Siege Tank  
  36  3:25  SCV, Bunker, Liberator  
  37  3:29  Supply Depot  
  37  3:33  SCV  
  38  3:48  SCV x2  
  43  3:51  Supply Depot  
  43  3:55  Marine x2  
  45  4:00  SCV x2  
  47  4:12  SCV x2, Marine  
  47  4:14  Supply Depot  
  50  4:20  Siege Tank  
  53  4:24  SCV x2  
  53  4:29  Starport Reactor  
  55  4:36  Refinery  
  55  4:38  Refinery  
  55  4:39  Engineering Bay  
  55  4:41  SCV x2  
  55  4:42  Barracks  
  55  4:43  Marine x2  
  55  4:45  Barracks  
  59  4:52  Supply Depot, Siege Tank  
  62  4:58  Supply Depot  
  62  5:01  SCV x2  
  64  5:09  Terran Infantry Weapons Level 1  
  64  5:13  SCV x2  
  66  5:17  Supply Depot  
  66  5:21  Supply Depot  
  66  5:24  Medivac, Siege Tank  
  66  5:25  SCV x2  
  66  5:27  Medivac  
  75  5:35  Barracks Tech Lab x2  
  75  5:37  SCV, Marine x2  
  78  5:52  Missile Turret  
  78  5:53  Missile Turret  
  78  6:09  Medivac x2, Marine x3  
  78  6:10  Marine  
  86  6:11  Combat Shield, Stimpack  
  86  6:18  Supply Depot x2  
  86  6:26  Barracks  
  86  6:27  Barracks, Marine x3  
  86  6:28  Siege Tank, Marine  
  93  6:40  Supply Depot  
  93  6:41  Supply Depot  
  93  6:49  Medivac x2, Marine  
  93  6:50  Marine x3  
  101  7:07  Terran Infantry Armor Level 1, Marine x3  
  104  7:11  Marine  
  105  7:17  Barracks Reactor x2  
  105  7:24  Supply Depot  
  105  7:25  Marine x3  
  105  7:29  Marine  
  109  7:34  SCV x2  
  109  7:36  Medivac  
  109  7:37  Medivac  
  115  7:38  Command Center  
  115  7:39  Siege Tank  
  115  7:43  Marine x3  
  121  7:47  Supply Depot  
  121  7:55  Supply Depot  
  121  7:56  SCV x2  
  123  8:03  Marine x7  
  123  8:04  Marine  
  131  8:07  Concussive Shells, Unknown  
  131  8:11  Siege Tank  
  134  8:16  Armory  
  134  8:21  Marine x3  
  134  8:23  Medivac, Marine  
  134  8:24  Medivac, Marine  
  143  8:30  Supply Depot  
  143  8:32  Supply Depot  
  143  8:39  Marine x3  
  143  8:40  Marine  
  147  8:54  Marine x2  
  147  8:55  Supply Depot, Medivac x2, Marine  
  153  8:56  Marine x2  
  156  9:13  Supply Depot  
  156  9:18  Supply Depot  
  156  9:20  Orbital Command  
  156  9:30  Siege Tank  
  159  9:32  Medivac x2, Marine x8  
  171  9:53  Engineering Bay  
  171  10:00  SCV x2  
  171  10:01  SCV  
  174  10:12  SCV, Medivac x2, Marine x3  
  174  10:13  Marine x5  
  187  10:20  Unknown  
  185  10:29  Siege Tank  
  185  10:30  Marine x5  
  185  10:31  Marine  
  185  10:32  Marine x2  
  195  10:42  Medivac x2  
  199  10:48  Marine  
  200  10:56  Unknown  
  200  11:16  Unknown  
Show
View Real Time Build Order
Export as new Build Order

A.I. 1 (Very Easy) Zerg 

Build Orders: Pool First 

Get SALT Encoding   

  12  0:01  Drone  
  13  0:12  Overlord  
  13  0:16  Drone  
  14  0:36  Spawning Pool  
  14  0:37  Extractor  
  14  0:39  Drone  
  13  0:46  Drone  
  14  0:51  Overlord  
  14  1:23  Zergling x2  
  14  1:25  Queen  
  15  1:29  Roach Warren  
  15  1:31  Extractor  
  15  1:35  Drone  
  16  1:40  Zergling x2  
  16  1:42  Drone  
  18  1:56  Drone  
  18  1:57  Zergling x2  
  20  2:07  Drone  
  21  2:18  Drone  
  22  2:28  Drone  
  23  2:31  Overlord  
  23  2:36  Drone  
  24  2:43  Drone  
  25  5:39  Lair, Drone, Overlord, Roach  
  28  5:46  Drone  
  29  5:53  Drone  
  30  6:00  Drone  
  31  6:08  Drone  
  31  6:15  Drone  
  30  6:22  Roach  
  32  6:37  Overseer  
  32  6:40  Overseer  
  32  7:05  Roach  
  34  7:11  Hatchery  
  33  8:23  Drone  
  34  8:31  Extractor, Drone  
  34  8:34  Extractor  
  33  8:38  Drone  
  30  8:45  Drone  
  30  8:46  Roach  
  29  8:52  Drone  
  24  9:00  Drone  
  24  9:07  Drone  
  24  9:14  Drone  
  24  9:15  Zergling x2  
  25  9:21  Drone  
  25  9:28  Drone  
  25  9:35  Drone  
  25  9:43  Zergling x2, Drone  
  26  9:50  Drone  
  26  9:57  Drone  
  26  10:04  Drone  
  26  10:12  Drone  
  26  10:13  Zergling x2  
  23  10:19  Drone  
  23  10:26  Drone  
  23  10:27  Queen  
  23  10:33  Drone  
  24  10:40  Drone  
  24  10:41  Zergling x2  
  24  10:48  Drone  
  25  10:55  Drone  
  23  11:02  Drone, Roach  
  24  11:09  Drone  
Tags
 
Add a new tag
Caveats
  • Supply blocks, unpowered buildings, or Contaminate may cause inaccurate times.
  • Supply counts are checked every 10 seconds.